 Dungeon Crawl Stone Soup version 0.25-a0-547-g27a0b5d1ef (webtiles) character file.

Game seed: 16397119590176271969, levelgen mode: deterministic

84 pk666 the Magician (level 4, -2/24 HPs)
             Began as a Deep Elf Wizard on Feb 22, 2020.
             Killed by divine providence
             ... invoked by an orc priest
              (13 damage)
             ... on level 3 of the Dungeon.
             The game lasted 00:05:17 (3282 turns).

pk666 the Magician (Deep Elf Wizard)                Turns: 3282, Time: 00:05:17

Health: -2/24      AC:  3    Str:  4    XL:     4   Next: 24%
Magic:  5/13       EV: 13    Int: 24    God:
Gold:   85         SH:  0    Dex: 13    Spells: 2/13 levels left

rFire    . . .     SeeInvis .   c - +0 dagger
rCold    . . .     Gourm    .   (no shield)
rNeg     . . .     Faith    .   a - +0 robe
rPois    .         Spirit   .   b - +0 hat
rElec    .         Reflect  .   (no cloak)
rCorr    .         Harm     .   f - +0 pair of gloves
MR       .....                  (no boots)
Stlth    ++........             (no amulet)
HPRegen  0.08/turn              (no ring)
MPRegen  0.13/turn              (no ring)

@: no status effects
A: no striking features
a: no special abilities


You were on level 3 of the Dungeon.
You were near starving.

You visited 1 branch of the dungeon, and saw 4 of its levels.

You collected 85 gold pieces.

Inventory:

Hand Weapons
 c - a +0 dagger (weapon)
Armour
 a - a +0 robe (worn)
 b - a +0 hat (worn)
 f - a +0 pair of gloves (worn)
Scrolls
 e - a scroll of identify {unknown}
 g - a scroll of magic mapping {unknown}
 j - 3 scrolls of remove curse {unknown}
Potions
 h - a potion of heal wounds {unknown}
 i - 2 potions of invisibility {unknown}
 k - a potion of cancellation {unknown}
 l - a potion of stabbing {unknown}
 m - 2 potions of might {unknown}
 n - a potion of degeneration {unknown}
 o - a potion of curing {unknown}
Comestibles
 d - 3 rations


   Skills:
 - Level 3.1 Dodging
 - Level 2.4 Stealth
 + Level 5.2 Spellcasting
 + Level 2.4 Conjurations
 - Level 1.1 Summonings
 + Level 1.4 Translocations
 + Level 1.0 Fire Magic
 + Level 0.8 Air Magic
 + Level 0.9 Poison Magic


You had 2 spell levels left.
You knew the following spells:

 Your Spells              Type           Power        Failure   Level  Hunger
a - Magic Dart            Conj           ###.         3%          1    None
b - Blink                 Tloc           N/A          7%          2    None
c - Conjure Flame         Conj/Fire      ##......     13%         3    ##.....
d - Mephitic Cloud        Conj/Pois/Air  ##......     14%         3    ##.....
e - Call Imp              Summ           ##......     9%          2    None

Your spell library contained the following spells:

 Spells                   Type           Power        Failure   Level  Hunger
 Slow                     Hex            #.......     13%         2    None


Dungeon Overview and Level Annotations

Branches:
Dungeon (4/15)
 Temple: D:4-7

Altars:
Cheibriados
Fedhas


Message History

Ouch! That really hurt!
Casting: Magic Dart (safe; 3% risk of failure)
Confirm with . or Enter, or press ? or * to list all spells.
Aiming: Mephitic Cloud (safe; 14% risk of failure)
Press: ? - help, Shift-Dir - straight line, p - orc priest The ball explodes into a vile cloud!
The stinking cloud engulfs the orc priest but does no damage.
The orc priest is moderately wounded.
You hear a shout!
Casting: Mephitic Cloud (safe; 14% risk of failure)
Confirm with . or Enter, or press ? or * to list all spells.
Aiming: Magic Dart (safe; 3% risk of failure)
Press: ? - help, Shift-Dir - straight line, f - orc priest
Aim: an orc priest, wearing a +0 leather armour (moderately wounded)
The magic dart hits the orc priest.
The orc priest is moderately wounded.
The orc priest invokes the aid of Beogh against you.
Beogh smites you!
Ouch! That really hurt!
You die...

....####### #....# ####......##.
..........# #....###.....#......
..###.###.## #...................
..# #.# #..# #....###...[....###.
..###'###..# #....###.....#......
..###_'....# #....†##o...........
..###'###..# #.....°○.###..###...
..# #.# #..#######.#.####........
..###.###..##...@..#.........#...
................#####....###.#...
.#.####.......(.# ##.##.........
...####.........####..########...
##...................####### #..)
####..........#...........###..#
#..........##...............#
#.......>..##...........###.#
#######...###...............#


You could see an orc priest.

Vanquished Creatures
  2 adders (D:3)
  2 worms
  2 dart slugs
  4 orcs (D:3)
  A ball python (D:1)
  5 bats
  3 giant cockroaches (D:3)
  5 goblins
  5 hobgoblins
  2 jackals (D:1)
  4 quokkas
  4 frilled lizards
  6 kobolds
  4 rats
49 creatures vanquished.

Notes
Turn   | Place    | Note
-------+----------+-------------------------------------------
     0 | D:1      | pk666 the Deep Elf Wizard began the quest for the Orb.
     0 | D:1      | Reached XP level 1. HP: 10/10 MP: 7/7
   439 | D:1      | Reached XP level 2. HP: 15/15 MP: 7/9
  1318 | D:2      | Reached XP level 3. HP: 19/19 MP: 9/11
  1338 | D:2      | Learned a level 2 spell: Blink
  1342 | D:2      | Learned a level 3 spell: Conjure Flame
  1346 | D:2      | Learned a level 3 spell: Mephitic Cloud
  1349 | D:2      | Learned a level 2 spell: Call Imp
  1894 | D:2      | Found a snail-covered altar of Cheibriados.
  1959 | D:3      | Reached skill level 5 in Spellcasting
  2779 | D:3      | Reached XP level 4. HP: 24/24 MP: 7/13
  2878 | D:3      | Reached skill level 1 in Fire Magic
  2940 | D:3      | Found a blossoming altar of Fedhas.
  3282 | D:3      | Killed from afar by an orc priest

Levels and vault maps discovered:
D:1:      minmay_arrival_solitary_statue, layout_loops_cross
D:2:      layout_loops_corners, lemuel_coloured_pillars_altar,
          hangedman_decor_growths, minmay_misc_feat_roman
D:3:      layout_rooms, lemuel_doored_altar, minmay_misc_feat_columns
D:4:      layout_loops_corners, first_ration, uniq_blork_the_orc,
          uniq_crazy_yiuf_cottage, uniq_menkaure, uniq_pikel

Skill      XL: |  1  2  3  4 |
---------------+-------------+-----
Dodging        | 3 |  3.1
Conjurations   | 2 |  2.4
Spellcasting   | 5 |  5.2
Fire Magic     | 1 |  1.0
Stealth        | |  2.4
Summonings     | |  1.1
Translocations | |  1.4
Air Magic      | |  0.8
Poison Magic   | |  0.9

Action                   |  1- 3 |  4- 6 || total
-------------------------+-------+-------++-------
 Cast: Magic Dart        |   130 |    20 ||   150
       Mephitic Cloud    |       |     3 ||     3
       Blink             |       |     1 ||     1
  Eat: Chunk             |     2 |       ||     2
       Ration            |     1 |       ||     1
Armor: Robe              |     5 |     3 ||     8
Dodge: Dodged            |    14 |     4 ||    18

Table legend:
 A = Non-vault XP
 B = Vault XP
 C = Vault XP percentage of total XP
 D = Non-vault monster count
 E = Vault monster count
 F = Vault count percentage of total count
                 A         B        C        D         E       F
            +---------+---------+-------+---------+---------+-------
      Total |     121 |       0 |   0.0 |      49 |       0 |   0.0
            +---------+---------+-------+---------+---------+-------
        D:1 |      26 |       0 |   0.0 |      17 |       0 |   0.0
        D:2 |      21 |       0 |   0.0 |       9 |       0 |   0.0
        D:3 |      74 |       0 |   0.0 |      23 |       0 |   0.0
            +---------+---------+-------+---------+---------+-------
